 Dungeon Crawl Stone Soup version 0.31-a0-986-g5e6e4ef867 (webtiles) character file.

Game seed: 4204326110246526525

30 Lobster4 the Ducker (level 3, -1/28 HPs)
             Began as a Djinni Gladiator on Nov 12, 2023.
             Killed from afar by Natasha (6 damage)
             ... with a magic dart
             ... on level 2 of the Dungeon.
             The game lasted 00:02:02 (1194 turns).

Lobster4 the Ducker (Djinni Gladiator)              Turns: 1194, Time: 00:02:03

Health: -1/28      AC:  4    Str: 13    XL:     3   Next: 35%
Gold:   53         EV: 12    Int: 11    God:
                   SH:  0    Dex: 14

rFire   + + .        a - +0 trident
rCold   x . .        (no shield)
rNeg    . . .        b - +0 leather armour
rPois   ∞            c - +0 helmet
rElec   .            (no cloak)
rCorr   .            (no gloves)
SInv    .            (boots unavailable)
Will    .....        (no amulet)
Stlth   +            (no ring)
HPRegen 0.24/turn    (no ring)
MPRegen 0.00/turn

%: infuse magic (-2 HP)
@: flying, very slightly contaminated, slowed, very slow
A: sickness immunity, fire resistance 2, cold vulnerability 1, float, innate
caster, HP casting, extra vitality 1
a: no special abilities


You were on level 2 of the Dungeon.
You visited 1 branch of the dungeon, and saw 2 of its levels.

You collected 53 gold pieces.

Inventory:

Hand Weapons
 a - a +0 trident (weapon)
Missiles
 d - 3 throwing nets (quivered)
 e - a javelin
 g - 6 poisoned darts
 h - 13 stones
Armour
 b - a +0 leather armour (worn)
 c - a +0 helmet (worn)
Scrolls
 i - a scroll of revelation {unknown}
 j - a scroll of identify {unknown}
Potions
 k - a potion of haste {unknown}


   Skills:
 + Level 2.2 Fighting
 + Level 2.5 Polearms
 + Level 1.7 Throwing
 + Level 0.6 Armour
 + Level 3.4 Dodging
 + Level 0.2 Spellcasting
 + Level 0.2 Conjurations
 + Level 0.2 Hexes
   Level 0.0 Charms
 + Level 0.2 Summonings
 + Level 0.2 Necromancy
 + Level 0.2 Translocations
 + Level 0.2 Transmutations
 + Level 0.2 Fire Magic
 + Level 0.2 Ice Magic
 + Level 0.2 Air Magic
 + Level 0.2 Earth Magic
 + Level 0.2 Poison Magic


You knew the following spells:

 Your Spells              Type           Power      Damage    Failure   Level
a - Foxfire               Conj/Fire      0%         2x1d4     36%         1
Your spell library was empty.

Dungeon Overview and Level Annotations

Branches:
Dungeon (2/15)

Altars:

Annotations:
D:2 Natasha


Innate Abilities, Weirdness & Mutations

You are immune to sickness and miasma.
You are immune to poison.
Your flesh is very heat resistant. (rF++)
You are vulnerable to cold. (rC-)
You float through the air rather than walking.
You learn spells naturally, not from books.
Your magical power is your life essence.
You have superior vitality. (+4 MHP)


Message History

Casting: Foxfire (safe; 36% risk of failure)
Confirm with . or Enter, or press ? or * to list all spells.
You miscast Foxfire.
You are very lightly contaminated with residual magic.
Nothing appears to happen.
Natasha claws you but does no damage. The cerulean imp misses you.
Natasha stares at you and mumbles some strange words.
The magic dart hits you.
The cerulean imp hits you from afar with a +2 spear.
* * * LOW HITPOINT WARNING * * *
Casting: Foxfire (safe; 36% risk of failure)
Confirm with . or Enter, or press ? or * to list all spells.
You miscast Foxfire.
Nothing appears to happen.
* * * LOW HITPOINT WARNING * * *
Natasha casts a spell at you.
You feel yourself slow down. The cerulean imp barely misses you.
Casting: Foxfire (safe; 36% risk of failure)
Confirm with . or Enter, or press ? or * to list all spells.
You conjure some foxfire!
* * * LOW HITPOINT WARNING * * *
Natasha misses you.
The cerulean imp hits you from afar with a +2 spear.
* * * LOW HITPOINT WARNING * * *
Unknown command.
Your foxfire dissipates!
The foxfire hits Natasha but does no damage.
Natasha is severely wounded.
Natasha mumbles some strange words.
The cerulean imp barely misses you. The cerulean imp closely misses you.
The cerulean imp hits you but does no damage.
Natasha closely misses you.
It was a potion of curing.
You feel better.
The cerulean imp hits you from afar with a +2 spear.
* * * LOW HITPOINT WARNING * * *
The cerulean imp hits you from afar with a +0 spear.
* * * LOW HITPOINT WARNING * * *
Natasha casts a spell at you. The magic dart hits you.
You die...
Natasha curls up and begins to purr.

#.##..#
#.##..#######
#.##<.†......
#.###........
#.###########
#.....#
#####.# #.#
#@#
#h########
#55.......
#.########
#.# #.# #.#
#.# #.#


You could see Natasha and 2 cerulean imps.

Vanquished Creatures
  2 dart slugs (D:1)
  2 ball pythons (D:1)
  An endoplasm (D:1)
  2 giant cockroaches (D:1)
  A goblin (D:1)
  6 jackals (D:1)
  2 quokkas (D:1)
  2 bats (D:1)
  A frilled lizard (D:1)
  A kobold (D:1)
  3 rats
23 creatures vanquished.

Vanquished Creatures (others)
  17 foxfires
17 creatures vanquished.

Grand Total: 40 creatures vanquished

Notes
Turn   | Place    | Note
-------+----------+-------------------------------------------
     0 | D:1      | Lobster4 the Djinni Gladiator began the quest for the Orb.
     0 | D:1      | Reached XP level 1. HP: 18/18 MP: 0/0
    59 | D:1      | Reached XP level 2. HP: 23/23 MP: 0/0
   209 | D:1      | Reached XP level 3. HP: 28/28 MP: 0/0
   209 | D:1      | Learned a level 1 spell: Foxfire
  1179 | D:2      | Noticed Natasha
  1194 | D:2      | Killed from afar by Natasha

Illustrated notes

Levels and vault maps discovered:
D:1:      wander_arrival_chamber, layout_basic, dk_noncrumbling_3,
          serial_park_tiny_pond, minmay_misc_feat_room, st_stairs_13
D:2:      layout_loops_ring, shapermc_ecumenical_altar_notcrosses, serial_shops,
          nicolae_shop_peninsula, nicolae_shop_crystal,
          ebering_dispersal_statue_hall, serial_park_tiny_1, uniq_natasha,
          uniq_jessica

Action                     || total
---------------------------++-------
  Melee: Trident           ||    52
   Cast: Foxfire           ||    15
    Use: Potion            ||     1
 Armour: Leather armour    ||    22
  Dodge: Dodged            ||    33

Table legend: (Time is in decaauts)
 A = Elapsed time spent in this place.
 B = Non-inter-level travel time spent in this place.
 C = Inter-level travel time spent in this place.
 D = Time resting spent in this place.
 E = Time spent auto-exploring this place.
 F = Levels seen in this place.
 G = Mean time per level.
                   A        B        C        D        E       F      G
               +--------+--------+--------+--------+--------+-----+--------+
         Total |   1204 |   1149 |     55 |      0 |    997 |   2 |  602.0 |
       Dungeon |   1204 |   1149 |     55 |      0 |    997 |   2 |  602.0 |
               +--------+--------+--------+--------+--------+-----+--------+

Top non-repeatable levels by time:
     D:1: 1153 daAuts
     D:2: 51 daAuts
